 Dungeon Crawl Stone Soup version 0.19.4-9-g45fd643 (webtiles) character file.

182 JeffiDaFish the Stinger (level 5, 0/28 HPs)
             Began as a Gargoyle Venom Mage on Feb 16, 2017.
             Slain by a jelly (1 damage)
             ... on level 4 of the Dungeon.
             The game lasted 00:08:51 (2443 turns).

JeffiDaFish the Stinger (Gargoyle Venom Mage)       Turns: 2443, Time: 00:08:52

Health: 0/28       AC:  4    Str: 11    XL:     5   Next: 62%
Magic:  8/8        EV: 12    Int: 16    God:
Gold:   78         SH:  0    Dex: 11    Spells: 2 memorised, 4 levels left

rFire  . . .     SeeInvis .     d - +0 mace
rCold  . . .     Gourm    .     f - +0 leather armour
rNeg   + . .     Faith    .     (no shield)
rPois  ∞         Spirit   .     h - +0 helmet
rElec  +         Reflect  .     (no cloak)
rCorr  .         Harm     .     e - +1 pair of gloves
MR     .....                    k - +1 pair of boots
Stlth  ++........               (no amulet)
                                (no ring)
                                (no ring)

@: corroded, very slightly contaminated
A: negative energy resistance 1, electricity resistance, unbreathing,
petrification resistance, rot immunity, AC +4
a: no special abilities


You were on level 4 of the Dungeon.
You were not hungry.

You visited 1 branch of the dungeon, and saw 6 of its levels.

You collected 78 gold pieces.

Inventory:

Hand Weapons
 d - a +0 mace (weapon)
Armour
 e - a +1 pair of gloves (worn)
 f - a +0 leather armour (worn)
 h - a +0 helmet (worn)
 k - a +1 pair of boots (worn)
Scrolls
 j - a scroll of blinking
 m - a scroll of identify
 o - a scroll of teleportation
Potions
 g - a potion of brilliance
 l - 2 potions of agility
Books
 b - a Young Poisoner's Handbook

   Spells                             Type                      Level
   a - Sting                          Conjuration/Poison           1
   b - Mephitic Cloud                 Conjuration/Poison/Air       3
   c - Olgreb's Toxic Radiance        Poison                       4
   d - Alistair's Intoxication        Transmutation/Poison         5
   e - Venom Bolt                     Conjuration/Poison           5
Comestibles
 a - 4 chunks of flesh
 c - 2 bread rations
 i - a beef jerky
 n - a slice of pizza


   Skills:
 + Level 0.9 Fighting
 + Level 2.0 Maces & Flails
 + Level 1.4 Armour
 + Level 2.1 Dodging
 + Level 2.7 Stealth
 + Level 0.2 Unarmed Combat
 + Level 2.3 Spellcasting
 + Level 1.9 Conjurations
 + Level 0.1 Air Magic
 + Level 4.6 Poison Magic


You had 4 spell levels left.
You knew the following spells:

 Your Spells              Type           Power        Failure   Level  Hunger
a - Sting                 Conj/Pois      ##..         10%         1    #......
b - Mephitic Cloud        Conj/Pois/Air  #.......     34%         3    ###....


Dungeon Overview and Level Annotations

Branches:
Dungeon (6/15)
 Temple: D:4-7

Altars:
Gozag
Xom


Innate Abilities, Weirdness & Mutations

You are resistant to torment.
Your stone body is resilient. (AC +4)
You are immune to poison.
You resist negative energy. (rN+)
You are resistant to electric shocks. (rElec)
You can survive without breathing.
You are immune to petrification.
You are immune to rotting.


Message History

You completely miss the jelly.
The jelly is severely wounded.
The jelly misses you.
You hit the jelly but do no damage.
Your hands burn!
* * * LOW HITPOINT WARNING * * *
The jelly is severely wounded.
The jelly misses you. The jelly hits you but does no damage.
The jelly completely misses you.
There is an open door here.
There is an open door here.
The orc shouts!
You hit the jelly but do no damage.
Your hands burn!
* * * LOW HITPOINT WARNING * * *
The jelly is severely wounded.
The jelly closely misses you.
You hit the jelly but do no damage.
Your hands burn!
* * * LOW HITPOINT WARNING * * *
The jelly is severely wounded.
The jelly hits you but does no damage. The jelly hits you.
You die...

#.. ######## ### #.# .....[..
..# #.# ..### #.# #.# ....#
#.# #.########### ..#.# #.#
#.......o....# .##.#
###.####.##.........# .##.#
#.....##J##.........#
.##.#####.###.##@###'##+##+##
###>#.....# #....# #.##.# .##
#.#.###.# #.#### #'##'##'#
#.#.# #...... #.......# #.#.#
####### #..#..._...## #...#
#####.....### ##### #########
#######


You could see a jelly.

Vanquished Creatures
  A jelly (D:4)
  2 iguanas
  4 adders
  An ooze (D:1)
  An adder skeleton (D:5)
  4 worms
  3 dart slugs
  2 leopard geckos (D:1)
  6 goblins
  8 hobgoblins
  7 jackals
  3 quokkas
  9 bats
  5 frilled lizards
  6 kobolds
  4 rats
66 creatures vanquished.

Notes
Turn   | Place    | Note
-------+----------+-------------------------------------------
     0 | D:1      | JeffiDaFish the Gargoyle Venom Mage began the quest for the Orb.
     0 | D:1      | Reached XP level 1. HP: 10/10 MP: 3/3
   188 | D:1      | Reached XP level 2. HP: 15/15 MP: 0/5
   667 | D:1      | Reached XP level 3. HP: 19/19 MP: 2/6
  1137 | D:2      | Found an opulent altar of Gozag.
  1432 | D:2      | Reached skill level 1 in Conjurations
  1432 | D:2      | Reached XP level 4. HP: 20/24 MP: 5/7
  1555 | D:2      | Learned a level 3 spell: Mephitic Cloud
  1826 | D:2      | Reached skill level 1 in Armour
  1863 | D:2      | Reached skill level 1 in Maces & Flails
  1987 | D:3      | Reached XP level 5. HP: 28/28 MP: 0/8
  2017 | D:3      | You are sucked into a shaft for 3 floors!
  2020 | D:6      | Noticed a phantom
  2105 | D:5      | Entered Level 5 of the Dungeon
  2404 | D:4      | Found a shimmering altar of Xom.
  2443 | D:4      | HP: 1/28 [acid (3)]
  2443 | D:4      | Slain by a jelly

Skill      XL: |  1  2  3  4  5 |
---------------+----------------+-----
Conjurations   | 1 |  1.9
Dodging        | 2 |  2.1
Armour         | 1 |  1.4
Maces & Flails | 1 2 |  2.0
Fighting       | |  0.9
Stealth        | |  2.7
Unarmed Combat | |  0.2
Spellcasting   | |  2.3
Air Magic      | |  0.1
Poison Magic   | |  4.6

Action                   |  1- 3 |  4- 6 || total
-------------------------+-------+-------++-------
Melee: Unarmed           |    61 |       ||    61
       Mace              |    33 |   152 ||   185
       Spear             |    17 |       ||    17
 Cast: Sting             |    52 |    18 ||    70
       Mephitic Cloud    |       |     4 ||     4
  Use: Potion            |     5 |     3 ||     8
       Scroll            |     4 |     2 ||     6
 Stab: Sleeping          |     2 |     1 ||     3
       Confused          |       |     1 ||     1
  Eat: Chunk             |     3 |     4 ||     7
Armor: Robe              |    37 |       ||    37
       Leather armour    |    34 |    80 ||   114
Dodge: Dodged            |    95 |   134 ||   229
